 Dungeon Crawl Stone Soup version 0.26-a0-540-g8a0c9464d7 (webtiles) character file.

Game seed: 4234726433606077076

179 HoaS the Cleaver (level 5, -1/45 HPs)
             Began as a Hill Orc Monk on Aug 19, 2020.
             Succumbed to Ijyb's poison
             ... on level 3 of the Dungeon.
             The game lasted 00:04:56 (2440 turns).

HoaS the Cleaver (Hill Orc Monk)                    Turns: 2440, Time: 00:04:57

Health: -1/45      AC:  9    Str: 15    XL:     5   Next: 59%
Magic:  5/5        EV:  7    Int: 10    God:
Gold:   88         SH:  0    Dex: 13    Spells: 4/4 levels left

rFire    . . .     SeeInvis .   a - +1 hand axe
rCold    . . .     Faith    .   (no shield)
rNeg     . . .     Spirit   .   c - +0 chain mail
rPois    .         Reflect  .   (no helmet)
rElec    .         Harm     .   f - +0 cloak
rCorr    .                      (no gloves)
MR       .....                  (no boots)
Stlth    ..........             (no amulet)
HPRegen  0.15/turn              (no ring)
MPRegen  0.09/turn              (no ring)

@: mighty, lethally poisoned (-1 -> -24), flying
A: no striking features
a: no special abilities


You were on level 3 of the Dungeon.
You visited 1 branch of the dungeon, and saw 3 of its levels.

You collected 88 gold pieces.

Inventory:

Hand Weapons
 a - a +1 hand axe (weapon)
Armour
 c - a +0 chain mail (worn)
 f - a +0 cloak (worn)
Scrolls
 g - 2 scrolls of identify
 j - 2 scrolls of enchant armour {unknown}
Potions
 e - a potion of mutation {unknown}
 h - a potion of curing {unknown}
 i - a potion of lignification {unknown}


   Skills:
 - Level 3.6 Fighting
 + Level 8.1 Axes
 - Level 2.4 Dodging
 - Level 1.5 Stealth


You had 4 spell levels left.
You didn't know any spells.
Your spell library contained the following spells:

 Spells                   Type           Power        Failure   Level
 Magic Dart               Conj           #...         100%        1
 Blink                    Tloc           N/A          100%        2
 Call Imp                 Summ           #.......     100%        2
 Slow                     Hex            #.......     100%        2
 Conjure Flame            Conj/Fire      #.......     100%        3
 Mephitic Cloud           Conj/Pois/Air  #.......     100%        3


Dungeon Overview and Level Annotations

Branches:
Dungeon (3/15)

Altars:


Message History

There is a stone staircase leading up here.
You hit the giant cockroach but do no damage.
* * * LOW HITPOINT WARNING * * *
You feel very sick. The giant cockroach barely misses you.
You slash the giant cockroach!
You kill the giant cockroach!
* * * LOW HITPOINT WARNING * * *
You feel sick.
* * * LOW HITPOINT WARNING * * *
You feel sick.
You see here a giant cockroach corpse.
It was a potion of flight.
You feel very buoyant.
You fly up into the air.
* * * LOW HITPOINT WARNING * * *
You feel sick.
It was a potion of might.
You feel very mighty all of a sudden.
You die...

##.........
.(.!..!.!.
........ ..##...#
#.##...# #.##...#
# #####.##...#...#
#>...<@.).......
....###.###.###..#
# #.# .# #.# .#
..# .# ### .# .#
.#


There were no monsters in sight!

Vanquished Creatures
  Jessica (D:2)
  Ijyb (D:3)
  6 adders (D:2)
  A white imp (D:2)
  An adder skeleton (D:2)
  4 worms (D:2)
  4 dart slugs
  6 bats
  3 giant cockroaches
  4 goblins
  5 hobgoblins
  6 kobolds
  2 ball pythons (D:2)
  2 frilled lizards (D:1)
  5 rats
51 creatures vanquished.

Notes
Turn   | Place    | Note
-------+----------+-------------------------------------------
     0 | D:1      | HoaS the Hill Orc Monk began the quest for the Orb.
     0 | D:1      | Reached XP level 1. HP: 19/19 MP: 1/1
   280 | D:1      | Reached XP level 2. HP: 23/26 MP: 2/2
   461 | D:1      | Reached skill level 5 in Axes
   627 | D:1      | Reached XP level 3. HP: 27/31 MP: 3/3
   955 | D:2      | Reached skill level 6 in Axes
  1247 | D:2      | Reached XP level 4. HP: 9/39 MP: 4/4
  1595 | D:2      | Reached skill level 7 in Axes
  1868 | D:2      | Noticed Jessica
  1874 | D:2      | Killed Jessica
  1874 | D:2      | Reached XP level 5. HP: 38/45 MP: 5/5
  2416 | D:3      | Noticed Ijyb
  2431 | D:3      | Killed Ijyb
  2431 | D:3      | Reached skill level 8 in Axes
  2439 | D:3      | HP: 1/45 [poisoned by Ijyb]
  2440 | D:3      | Succumbed to Ijyb's poison

Illustrated notes

Levels and vault maps discovered:
D:1:      dpeg_arrival_simpleton_c, layout_basic, minmay_crystal_room,
          kennysheep_nondescript
D:2:      layout_loops_ring, minmay_small_reverse_x, uniq_jessica
D:3:      layout_loops_ring, uniq_ijyb

Skill      XL: |  1  2  3  4  5 |
---------------+----------------+-----
Axes           | 5 6 7 8 |  8.1
Fighting       | |  3.6
Dodging        | |  2.4
Stealth        | |  1.5

Action                   |  1- 3 |  4- 6 || total
-------------------------+-------+-------++-------
Melee: Hand axe          |   137 |   100 ||   237
  Use: Scroll            |     6 |     1 ||     7
       Potion            |     1 |     2 ||     3
 Stab: Sleeping          |     1 |       ||     1
Armor: Robe              |    12 |       ||    12
       Chain mail        |    42 |    47 ||    89
Dodge: Dodged            |    87 |    33 ||   120

Table legend: (Time is in decaauts)
 A = Elapsed time spent in this place.
 B = Non-inter-level travel time spent in this place.
 C = Inter-level travel time spent in this place.
 D = Time resting spent in this place.
 E = Time spent auto-exploring this place.
 F = Levels seen in this place.
 G = Mean time per level.
                   A        B        C        D        E       F      G
               +--------+--------+--------+--------+--------+-----+--------+
         Total |   2450 |   2434 |     16 |   1128 |    815 |   3 |  816.7 |
       Dungeon |   2450 |   2434 |     16 |   1128 |    815 |   3 |  816.7 |
               +--------+--------+--------+--------+--------+-----+--------+

Top non-repeatable levels by time:
     D:2: 1497 daAuts
     D:1: 930 daAuts
     D:3: 22 daAuts
